 Dungeon Crawl Stone Soup version 0.24-a0-201-gf205589 (webtiles) character file.

Game seed: 10116890521602574643

136 Ijustatesigmund the Skirmisher (level 5, 0/55 HPs)
             Began as an Octopode Fighter on Mar 22, 2019.
             Slain by an adder (2 damage)
             ... on level 3 of the Dungeon.
             The game lasted 00:06:16 (2137 turns).

Ijustatesigmund the Skirmisher (Octopode Fighter)   Turns: 2137, Time: 00:06:17

Health: 0/55       AC: 22    Str: 20    XL:     5   Next: 19%
Magic:  5/5        EV:  2    Int: 11    God:
Gold:   101        SH:  9    Dex: 12    Spells: 4/4 levels left

rFire    + . .     SeeInvis .   a - +0 war axe
rCold    + . .     Gourm    .   b - +0 shield
rNeg     + + +     Faith    .   (helmet currently unavailable)
rPois    +         Spirit   .   (no amulet)
rElec    +         Reflect  .   (no ring)
rCorr    +         Harm     .   (no ring)
MR       .....     NoTele   +   (no ring)
Stlth    +.........             (no ring)
HPRegen  0.18/turn              (no ring)
MPRegen  0.09/turn              (no ring)
                                (no ring)
                                (no ring)

@: mighty, lethally poisoned (0 -> -1), tree-form (expiring), resistant
A: almost no armour, stealthy swim, (amphibious), 8 rings, (constrict 8)
a: no special abilities


You were on level 3 of the Dungeon.
You were not hungry.
You were a tree.
You visited 1 branch of the dungeon, and saw 3 of its levels.

You collected 101 gold pieces.

Inventory:

Hand Weapons
 a - a +0 war axe (weapon)
Missiles
 k - 2 throwing nets (quivered)
Armour
 b - a +0 shield (worn)
Scrolls
 l - 4 scrolls of amnesia
Potions
 h - a potion of haste
 i - a potion of curing {unknown}
Comestibles
 d - 4 rations
 g - a chunk of flesh


   Skills:
 + Level 3.9 Fighting
 + Level 3.9 Axes
 + Level 3.3 Dodging
 + Level 3.3 Shields


You had 4 spell levels left.
You didn't know any spells.
Your spell library was empty.

Dungeon Overview and Level Annotations

Branches:
Dungeon (3/15)

Altars:


Innate Abilities, Weirdness & Mutations

You cannot wear most types of armour.
You are very stealthy in the water. (Stealth+)
((You are amphibious.))
You can wear up to eight rings at the same time.
((You can use your tentacles to constrict eight enemies at once.))
((Your skin changes colour to match your surroundings (Stealth+).))
((Your rubbery body absorbs attacks. (AC +1, EV +1)))


Message History

You feel sick. The adder bites you but does no damage.
Something hits you but does no damage.
The orc wizard mumbles some strange words.
The orc wizard flickers and vanishes!
The adder bites you but does no damage. Something hits you but does no damage.
You closely miss something. You barely miss something.
You closely miss the adder. The adder bites you but does no damage.
Something hits you but does no damage. x2
The adder bites you but does no damage. Something hits you but does no damage.
You slash the adder! You miss something. You closely miss something.
The adder bites you but does no damage.
You hear some strange, mumbled words.
Something tries to affect you, but you resist.
Something hits you but does no damage. The adder bites you but does no damage.
You miss something. You miss the adder. You closely miss something.
You feel less confused.
You feel sick.
Something hits you but does no damage. x2
The adder barely misses you. Something hits you but does no damage.
You block something's attack. The adder bites you.
You die...

#..$ ..# ..## ... # .
#...###.. #.#...... ## #
#h#...... .# .o #{{.#
.##. ## #######♣S## ...
#.# ........## .. .# #.#
#######.## ... .###..#.
#..##..## .......#######
#........
...........#.###..######
..................#
..########>......## ..#
#.......##


You could see an adder and a jackal.

Vanquished Creatures
  Jessica (D:3)
  2 adders (D:2)
  2 oozes (D:2)
  A worm (D:2)
  4 dart slugs
  2 leopard geckos
  3 orcs (D:3)
  5 bats
  4 giant cockroaches
  4 goblins
  5 hobgoblins
  9 jackals
  3 frilled lizards
  13 kobolds
  8 rats
66 creatures vanquished.

Notes
Turn   | Place    | Note
-------+----------+-------------------------------------------
     0 | D:1      | Ijustatesigmund the Octopode Fighter began the quest for
                  | the Orb.
     0 | D:1      | Reached XP level 1. HP: 16/16 MP: 1/1
   147 | D:1      | Reached XP level 2. HP: 16/21 MP: 2/2
   457 | D:1      | Reached XP level 3. HP: 23/26 MP: 3/3
  1424 | D:2      | Reached XP level 4. HP: 24/32 MP: 4/4
  2088 | D:3      | Noticed Jessica
  2093 | D:3      | Killed Jessica
  2093 | D:3      | Reached XP level 5. HP: 37/37 MP: 5/5
  2134 | D:3      | HP: 2/55 [poisoned by an orc]
  2137 | D:3      | Slain by an adder

Levels and vault maps discovered:
D:1:      tarquinn_simple_flora_water_f, layout_basic, serial_glass,
          glass_columns_a, glass_columns_b, feat_on_display, item_on_display_a
D:2:      layout_loops_corners, first_ration
D:3:      layout_loops_ring, palyth_stone_intersect, uniq_jessica, uniq_ijyb

Skill      XL: |  1  2 |
---------------+-------+-----
Axes           | 3 |  3.9
Fighting       | |  3.9
Dodging        | |  3.3
Shields        | |  3.3

Action                   |  1- 3 |  4- 6 || total
-------------------------+-------+-------++-------
Melee: War axe           |    69 |    47 ||   116
       Constrict         |    18 |    13 ||    31
       Tentacles         |     9 |     8 ||    17
Throw: Throwing net      |       |     1 ||     1
  Use: Scroll            |     3 |     3 ||     6
       Potion            |       |     6 ||     6
 Stab: Sleeping          |     8 |     3 ||    11
  Eat: Chunk             |       |     4 ||     4
Armor: Skin              |     5 |    30 ||    35
Dodge: Dodged            |    19 |    16 ||    35
Block: Shield            |    28 |    26 ||    54

Table legend:
 A = Non-vault XP
 B = Vault XP
 C = Vault XP percentage of total XP
 D = Non-vault monster count
 E = Vault monster count
 F = Vault count percentage of total count
                 A         B        C        D         E       F
            +---------+---------+-------+---------+---------+-------
      Total |     158 |      37 |  19.0 |      65 |       1 |   1.5
            +---------+---------+-------+---------+---------+-------
        D:1 |      50 |       0 |   0.0 |      28 |       0 |   0.0
        D:2 |      85 |       0 |   0.0 |      26 |       0 |   0.0
        D:3 |      23 |      37 |  61.7 |      11 |       1 |   8.3
            +---------+---------+-------+---------+---------+-------
